 Dungeon Crawl Stone Soup version 0.28-a0-793-g31680bbd8b (webtiles) character file.

Game seed: 7076769904308775306

31 AarnesTheHuman the Skirmisher (level 3, 0/30 HPs)
             Began as a Barachi Fighter on Oct 27, 2021.
             Was a Follower of Jiyva.
             Killed by nerve-wracking pain
             ... invoked by a shadow imp
             ... summoned by Natasha
              (4 damage)
             ... on level 2 of the Dungeon on Nov 4, 2021.
             The game lasted 00:03:21 (1839 turns).

AarnesTheHuman the Skirmisher (Barachi Fighter)     Turns: 1839, Time: 00:03:21

Health: 0/30       AC:  7    Str: 18    XL:     3   Next: 22%
Magic:  3/3        EV:  9    Int:  8    God:    Jiyva [*.....]
Gold:   23         SH:  4    Dex: 11    Spells: 2/2 levels left

rFire   . . .      SeeInvis .   a - +0 long sword
rCold   . . .      Faith    .   c - +0 buckler
rNeg    . . .      Spirit   .   b - +0 scale mail
rPois   .          Reflect  .   (no helmet)
rElec   .          Harm     .   (no cloak)
rCorr   .          Rampage  .   (no gloves)
Will    .....                   (no boots)
Stlth   ..........              (no amulet)
HPRegen 0.10/turn               (no ring)
MPRegen 0.08/turn               (no ring)

@: slowed, very slow
A: amphibious, slowness 1, strong legs 1, +LOS
a: Hop, Renounce Religion, Request Jelly


You were on level 2 of the Dungeon.
You worshipped Jiyva.
Jiyva was aware of your devotion.
You visited 1 branch of the dungeon, and saw 2 of its levels.

You collected 23 gold pieces.

Inventory:

Hand Weapons
 a - a +0 long sword (weapon)
Missiles
 g - 13 poisoned darts
 h - 17 stones
 j - 6 javelins
Armour
 b - a +0 scale mail (worn)
 c - a +0 buckler (worn)
Scrolls
 e - 2 scrolls of identify {unknown}
 i - 3 scrolls of fog {unknown}
Potions
 d - 2 potions of might
 f - 2 potions of degeneration {unknown}


   Skills:
 + Level 4.1 Fighting
 + Level 3.0 Long Blades
 + Level 4.0 Armour
 + Level 3.7 Shields


You had 2 spell levels left.
You didn't know any spells.
Your spell library contained the following spells:

 Spells                   Type           Power      Damage    Failure   Level
 Corpse Rot               Necr/Air       0%         N/A       91%         2
 Poisonous Vapours        Pois/Air       0%         N/A       91%         2


Dungeon Overview and Level Annotations

Branches:
Dungeon (2/15)

Altars:
Jiyva

Annotations:
D:2 Natasha


Innate Abilities, Weirdness & Mutations

You are amphibious.
You cover ground slowly.
You can hop short distances.
You have an extended range of vision and can be seen from far away.


Message History

Natasha casts a spell at you.
The magic dart hits you but does no damage.
Natasha barely misses you.
You closely miss Natasha.
Natasha is severely wounded.
You block the crimson imp's attack. You block Natasha's attack.
The crimson imp spits at you. The crimson imp completely misses you.
Natasha claws you but does no damage.
You closely miss Natasha.
Natasha is severely wounded.
The crimson imp hits you but does no damage.
Natasha casts a spell at you. The magic dart hits you.
The crimson imp hits you but does no damage.
You hit Natasha but do no damage.
Natasha is severely wounded.
Natasha casts a spell.
The crimson imp hits you but does no damage.
Natasha barely misses you.
The crimson imp blinks!
You barely miss Natasha.
Natasha is severely wounded.
Natasha howls an incantation.
Natasha's front paws start to glow.
Natasha claws you but does no damage.
The crimson imp hits you but does no damage.
The shadow imp hits you.
* * * LOW HITPOINT WARNING * * *
Natasha claws you.
* * * LOW HITPOINT WARNING * * *
The crimson imp hits you but does no damage.
You barely miss Natasha.
Natasha is severely wounded.
The crimson imp disappears in a puff of smoke!
The shadow imp shouts, "Fly, thou erky folly-fallen serf!"
The shadow imp hits you.
* * * LOW HITPOINT WARNING * * *
Natasha closely misses you. The shadow imp gestures at you.
Pain shoots through your body!
You die...

........# #.#
#.# #######.#
#.# #.#
........# #.#
#.# .########
#.# #.#
#.######.####.#
#.............#
########.######
...######ยง#
#.....h@.#
########5# ###


You could see Natasha and a shadow imp (summoned).

Vanquished Creatures
  A worm (D:2)
  3 dart slugs (D:1)
  2 ball pythons (D:1)
  2 endoplasms (D:1)
  2 giant cockroaches (D:1)
  3 goblins (D:1)
  2 hobgoblins (D:1)
  A kobold (D:1)
  3 bats
  2 rats (D:1)
21 creatures vanquished.

Vanquished Creatures (others)
  A ball python (D:2)
  2 giant cockroaches (D:2)
  A hobgoblin (D:2)
  2 quokkas (D:2)
  A goblin (D:2)
  A rat (D:2)
  6 plants (D:1)
14 creatures vanquished.

Grand Total: 35 creatures vanquished

Notes
Turn   | Place    | Note
-------+----------+-------------------------------------------
     0 | D:1      | AarnesTheHuman the Barachi Fighter began the quest for the
                  | Orb.
     0 | D:1      | Reached XP level 1. HP: 18/18 MP: 1/1
   245 | D:1      | Reached XP level 2. HP: 25/25 MP: 2/2
   576 | D:1      | Found a faded altar of an unknown god.
   581 | D:1      | Prayed at the altar of an unknown god.
   581 | D:1      | Became a worshipper of Jiyva Jozxeh the Shapeless
   581 | D:1      | Reached * piety under Jiyva
   584 | D:1      | Upgraded the game from 0.28-a0-724-g66f9036eb4 to
                  | 0.28-a0-793-g31680bbd8b
   681 | D:1      | Reached XP level 3. HP: 28/30 MP: 3/3
  1419 | D:1      | Found a viscous altar of Jiyva.
  1823 | D:2      | Noticed Natasha
  1839 | D:2      | Killed from afar by a shadow imp

Illustrated notes

Levels and vault maps discovered:
D:1:      psy_arrival_dodecagon, layout_loops_ring,
          chequers_ecumenical_altar_lobes
D:2:      layout_basic, uniq_natasha

Skill      XL: |  1  2  3 |
---------------+----------+-----
Fighting       | 4 |  4.1
Armour         | 4 |  4.0
Long Blades    | 3 |  3.0
Shields        | |  3.7

Action                   || total
-------------------------++-------
Melee: Long sword        ||    81
Invok: Request Jelly     ||     1
Armor: Scale mail        ||    44
Dodge: Dodged            ||    39
Block: Buckler           ||    19

Table legend: (Time is in decaauts)
 A = Elapsed time spent in this place.
 B = Non-inter-level travel time spent in this place.
 C = Inter-level travel time spent in this place.
 D = Time resting spent in this place.
 E = Time spent auto-exploring this place.
 F = Levels seen in this place.
 G = Mean time per level.
                   A        B        C        D        E       F      G
               +--------+--------+--------+--------+--------+-----+--------+
         Total |   2149 |   2101 |     48 |      0 |   1873 |   2 | 1074.5 |
       Dungeon |   2149 |   2101 |     48 |      0 |   1873 |   2 | 1074.5 |
               +--------+--------+--------+--------+--------+-----+--------+

Top non-repeatable levels by time:
     D:1: 1756 daAuts
     D:2: 393 daAuts
